Map: Terraform LE (Void)

Players

NoRegreT

  • Race: Zerg Zerg
  • League: Grandmaster

RepMeaSt (Semper) - Winner!

  • Race: Terran Terran
  • League: Master

Event: ASL Season 5 Prime League LOTV Beta

VOD

Have the link to the VOD?

Description

Time

  • Played on: Sept. 14, 2015, 8:28 p.m.
  • Length: 9:42

All games in this series

Show
View Real Time Build Order
Export as new Build Order

NoRegreT Zerg 

Build Orders: Pool First, Zergling Baneling 

Get SALT Encoding   

  12  0:01  Drone  
  13  0:10  Drone  
  14  0:20  Extractor  
  14  0:21  Drone  
  14  0:33  Spawning Pool  
  14  0:35  Drone  
  14  0:39  Extractor  
  14  0:41  Drone  
  15  0:49  Overlord  
  15  1:20  Queen, Zergling x6  
  15  1:24  Metabolic Boost  
  20  1:37  Zergling x2  
  21  1:52  Hatchery  
  20  1:57  Zergling x2  
  21  2:09  Zergling x2  
  22  2:18  Overlord  
  22  2:21  Baneling Nest  
  21  2:23  Zergling x2  
  22  2:37  Zergling x6  
  24  2:43  Zergling x2  
  26  2:52  Zergling x2  
  27  2:59  Zergling x4  
  27  3:04  Baneling  
  27  3:05  Baneling x2  
  29  3:08  Baneling  
  29  3:10  Baneling  
  29  3:17  Zergling x2  
  30  3:33  Zergling x2, Baneling x3  
  30  3:34  Zergling x2  
  25  3:58  Zergling x2  
  25  3:59  Zergling x6  
  25  4:01  Zergling x2  
  22  4:05  Drone  
  23  4:12  Drone  
  23  4:15  Drone  
  24  4:22  Drone  
  24  4:23  Drone  
  25  4:27  Drone  
  26  4:37  Queen  
  28  4:40  Zergling x2  
  29  4:53  Zergling x6  
  29  4:54  Zergling x2  
  29  4:57  Overlord  
  33  5:05  Overlord  
  33  5:16  Zergling x4  
  33  5:17  Zergling x2  
  36  5:24  Zergling x8  
  36  5:27  Zergling x2  
  40  5:43  Baneling  
  40  5:44  Baneling x7  
  40  5:47  Overlord  
  40  5:49  Baneling  
  40  6:05  Zergling x2  
  38  6:16  Zergling x4  
  35  6:20  Zergling x6  
  35  6:21  Zergling x4  
  35  6:24  Zergling x4  
  42  6:25  Zergling x2  
  42  6:30  Zergling x2  
  42  6:31  Zergling x2  
  43  6:37  Zergling x4  
  40  6:40  Zergling x2  
  39  6:51  Zergling x4  
  35  7:04  Zergling x4  
  35  7:06  Zergling x8  
  40  7:14  Zergling x4  
  40  7:15  Zergling x2  
  40  7:22  Zergling x4  
  41  7:41  Baneling  
  41  7:42  Baneling x5  
  37  7:45  Baneling x3  
  37  7:46  Zergling x2  
  37  7:47  Zergling x2  
  37  7:49  Zergling x2  
  40  7:53  Zergling x2  
  40  7:54  Zergling x2  
  40  7:55  Zergling x2  
  43  8:05  Overlord  
  43  8:15  Zergling x2  
  44  8:23  Overlord  
  44  8:24  Zergling x10  
  44  8:26  Zergling x2  
  50  8:30  Zergling x2  
  49  8:39  Zergling x6  
  42  8:43  Zergling x4  
  42  8:46  Zergling x2  
  42  8:48  Zergling x2  
  42  8:54  Zergling x2  
  41  8:56  Zergling x4  
  43  9:08  Zergling x6  
  45  9:13  Zergling x4  
  47  9:23  Baneling x2  
Show
View Real Time Build Order
Export as new Build Order

RepMeaSt Terran - Winner!

Build Orders: MMM Bio 

Get SALT Encoding   

  12  0:01  SCV  
  13  0:13  SCV  
  14  0:18  Supply Depot  
  14  0:25  SCV  
  15  0:39  SCV  
  15  0:41  Barracks  
  16  0:44  Refinery  
  16  0:51  SCV  
  17  1:03  SCV  
  18  1:15  SCV  
  19  1:28  Barracks Reactor  
  19  1:29  Orbital Command  
  19  1:43  Command Center  
  19  1:52  Supply Depot  
  19  1:56  SCV  
  20  2:02  Command Center  
  20  2:05  Reaper  
  20  2:06  Reaper  
  21  2:09  SCV  
  22  2:22  SCV  
  22  2:34  SCV  
  23  2:38  Reaper  
  24  2:45  Reaper  
  24  2:47  SCV  
  26  2:59  SCV  
  26  3:00  Barracks  
  26  3:01  Barracks  
  26  3:02  Refinery  
  27  3:10  Reaper  
  27  3:11  SCV  
  29  3:14  Orbital Command  
  29  3:21  Reaper  
  29  3:23  SCV  
  29  3:36  SCV, Bunker  
  29  3:37  Bunker  
  30  3:46  SCV, Marine  
  32  4:02  SCV  
  30  4:05  Barracks Reactor  
  30  4:06  Supply Depot  
  30  4:16  Supply Depot  
  30  4:21  Marine  
  30  4:24  Orbital Command  
  30  4:27  Factory, Marine  
  30  4:28  SCV  
  32  4:34  Bunker  
  32  4:38  Marine  
  32  4:40  SCV  
  32  4:45  Marine x3  
  36  4:53  SCV  
  36  4:54  SCV  
  36  4:57  Barracks Tech Lab  
  38  5:00  Engineering Bay  
  38  5:03  Marine x3  
  38  5:06  SCV  
  42  5:08  SCV  
  42  5:09  Bunker  
  43  5:15  Command Center  
  43  5:18  SCV  
  43  5:19  Marine  
  43  5:20  SCV  
  46  5:22  Stimpack  
  46  5:24  Starport  
  46  5:25  Factory Reactor  
  46  5:32  Marine x2  
  46  5:33  SCV  
  46  5:34  Supply Depot  
  49  5:40  Supply Depot, Bunker  
  49  5:41  SCV  
  48  5:45  SCV  
  49  5:51  Supply Depot  
  49  5:53  Terran Infantry Weapons Level 1, SCV  
  49  5:55  Marine  
  49  5:56  Marine  
  52  6:00  Marine x2  
  54  6:05  SCV x2  
  56  6:16  Marine x2  
  43  6:18  Marine  
  43  6:19  Marine  
  41  6:27  Engineering Bay  
  41  6:32  SCV  
  33  6:34  Marine  
  33  6:36  Marine x2  
  32  6:41  Medivac  
  32  6:52  Orbital Command  
  32  6:58  Marine  
  32  7:04  Marine x3  
  33  7:16  Marine  
  33  7:22  Marine  
  35  7:25  Marine  
  35  7:29  SCV  
  37  7:35  Medivac  
  41  7:44  Combat Shields  
  41  7:49  Supply Depot, SCV  
  41  7:50  SCV x2  
  42  7:56  Bunker  
  42  8:02  SCV  
  42  8:05  SCV x2  
  45  8:06  Refinery  
  45  8:13  Marine x4  
  45  8:16  SCV  
  45  8:18  SCV  
  51  8:24  SCV  
  52  8:28  SCV  
  52  8:31  SCV, Factory Reactor, Marine  
  55  8:39  SCV  
  55  8:40  SCV  
  44  8:46  SCV  
  42  8:51  SCV  
  42  8:55  Marine x2  
  41  8:56  Marine x2  
  45  9:02  Supply Depot  
  45  9:06  Widow Mine x2  
  49  9:13  Marine x3  
  52  9:18  Marine  
  53  9:24  Bunker x2  
  53  9:25  SCV x2  
Tags
 
Add a new tag
Caveats
  • Supply blocks, unpowered buildings, or Contaminate may cause inaccurate times.
  • Supply counts are checked every 10 seconds.